AoeStats
← Laza

Black Forest

507860998Analyzed
2v2 RM · 13d ago on Sep 20, 2026· 19m 29s· 4 players
Game mode
Random Map
Map size
Medium (4 player)
Population
200
Speed
Normal
Resources
Standard
Victory
Conquest
Starting age
Dark Age
Ending age
Imperial Age
RankedLock teamsTeams togetherTeam positionsShared explorationLock speedFull tech treeHidden civsTurbo modeCheats
Victory
Defeat
🇺🇸 Britons · United States
749
+16
🇺🇸 Spanish · United States
709
+17
🇦🇷 Britons · Argentina
750
-17
🇦🇷 Franks · Argentina
731
-40
simonfrazier0
7:31 Loom
12:42 Feudal Age
19:03 Castle Age
17:42 Wheelbarrow
Karma_Slays
15:04 Feudal Age
DecidedDaisy376
5:51 Loom
15:08 Feudal Age
Laza
15:09 Feudal Age
Connection lost

Rejoining the realm…

Still unreachable

The connection could not be restored.

Session expired

The server has moved on; the page needs a fresh start.